 Dungeon Crawl Stone Soup version 0.26.0-16-gc1dbca0489 (webtiles) character file.

Game seed: 10134709138644965793

4923 112233 the Thaumaturge (level 10, -13/58 HPs)
             Began as a Deep Elf Conjurer on Jan 18, 2021.
             Was a Believer of Sif Muna.
             Killed by divine providence
             ... invoked by an orc priest
              (15 damage)
             ... on level 9 of the Dungeon.
             The game lasted 00:09:15 (9913 turns).

112233 the Thaumaturge (Deep Elf Conjurer)          Turns: 9913, Time: 00:09:15

Health: -13/58     AC:  9    Str:  4    XL:     10   Next: 27%
Magic:  9/25       EV: 16    Int: 27    God:    Sif Muna [**....]
Gold:   564        SH:  0    Dex: 13    Spells: 17/28 levels left

rFire    . . .     SeeInvis .   E - +0 dagger (venom)
rCold    + . .     Faith    .   (no shield)
rNeg     + . .     Spirit   .   C - +2 robe {rN+}
rPois    .         Reflect  .   (no helmet)
rElec    .         Harm     .   (no cloak)
rCorr    .         Rampage  .   (no gloves)
Will     +....                  A - +0 pair of boots
Stlth    ++........             (no amulet)
HPRegen  0.19/turn              n - ring of protection from cold
MPRegen  0.19/turn              h - +4 ring of protection

@: no status effects
A: no striking features
a: Renounce Religion, Channel Magic


You were on level 9 of the Dungeon.
You worshipped Sif Muna.
Sif Muna was pleased with you.
You visited 1 branch of the dungeon, and saw 9 of its levels.

You collected 564 gold pieces.

Inventory:

Hand Weapons
 j - a +0 club
 s - the +7 mace of Shame {vorpal, Int-4 Dex+5}
   (You found it on level 4 of the Dungeon)

   It inflicts extra damage upon your enemies.
   It affects your intelligence (-4).
   It affects your dexterity (+5).
 E - a +0 dagger of venom (weapon)
Missiles
 r - 12 poisoned darts
 t - 4 datura-tipped darts
Armour
 a - a +0 robe
 A - a +0 pair of boots (worn)
 C - a +2 robe of positive energy (worn)
Jewellery
 h - a +4 ring of protection (right hand)
 n - a ring of protection from cold (left hand)
 J - a cursed ring of attention {unknown}
Wands
 B - a wand of digging (7)
 G - a wand of iceblast (10)
 H - a wand of random effects (17)
 K - a wand of paralysis (7)
Scrolls
 c - 2 scrolls of enchant weapon {unknown}
 d - 2 scrolls of immolation {unknown}
 e - 6 scrolls of teleportation {unknown}
 g - 4 scrolls of random uselessness {unknown}
 k - 11 scrolls of identify {unknown}
 p - 3 scrolls of magic mapping {unknown}
 q - a scroll of noise {unknown}
 w - a scroll of fog {unknown}
 y - 2 scrolls of blinking {unknown}
 z - a scroll of remove curse {unknown}
 D - a scroll of vulnerability {unknown}
 F - a scroll of torment {unknown}
 I - 2 scrolls of enchant armour {unknown}
Potions
 b - 2 potions of curing {unknown}
 f - 2 potions of invisibility {unknown}
 i - 2 potions of haste {unknown}
 l - a potion of cancellation {unknown}
 m - a potion of magic {unknown}
 o - a potion of degeneration {unknown}
 u - a potion of resistance {unknown}
 v - a potion of mutation {unknown}
 x - a potion of lignification {unknown}


   Skills:
 + Level 4.8 Fighting
 + Level 7.6 Dodging
 - Level 2.4 Stealth
 * Level 9.6 Spellcasting
 * Level 8.9 Conjurations
 + Level 4.4 Hexes
 + Level 3.5 Translocations
 + Level 6.4 Invocations


You had 17 spell levels left.
You knew the following spells:

 Your Spells              Type           Power        Failure   Level
a - Magic Dart            Conj           100%         1%          1
b - Searing Ray           Conj           100%         1%          2
c - Dazzling Flash        Conj/Hex       96%          1%          3
d - Apportation           Tloc           64%          1%          1
e - Iskenderun's Mystic   Conj/Tloc      46%          3%          4

Your spell library contained the following spells:

 Spells                   Type           Power        Failure   Level
 Corona                   Hex            40%          1%          1
 Fulminant Prism          Conj/Hex       24%          3%          4
 Animate Skeleton         Necr           24%          4%          1
 Summon Small Mammal      Summ           48%          4%          1


Dungeon Overview and Level Annotations

Branches:
Dungeon (9/15)             Temple (0/1) D:4
   Lair: D:8-11         Orc: D:9-12

Altars:
Ashenzari
Dithmenos
Fedhas
Gozag
Makhleb
Nemelex Xobeh
Okawaru
Qazlal
Sif Muna
Trog
Vehumet
Yredelemnul
Zin
The Shining One

Annotations:
D:4 1 runed translucent door
D:7 Maggie, Menkaure
D:8 6 runed translucent doors, boracarina's ghost, novice GnMo
D:9 Grum


Message History

The mystic blast hits the orc warrior but does no damage.
You hear a shout!
The orc priest mumbles some strange prayers to Beogh against you.
Beogh smites you!
* * * LOW HITPOINT WARNING * * *
Unknown command.
Casting: Iskenderun's Mystic Blast (dangerous; 3% risk of failure)
You erupt in a blast of force!
The mystic blast hits the two-headed ogre.
The two-headed ogre is knocked back by the mystic blast.
The mystic blast hits the orc warrior!
The orc warrior is knocked back by the mystic blast.
You hear a shout!
Unknown command.
Casting: Iskenderun's Mystic Blast (dangerous; 3% risk of failure)
You erupt in a blast of force!
The mystic blast hits the orc warrior!
The orc warrior is knocked back by the mystic blast.
The orc priest calls down the wrath of Beogh upon you.
Beogh smites you!
You die...

.....................
.....................
.....................
.....................
.................... #
.!........)o....... ..
...............# ...
.............)@# ....
#.......[......###.....
##............O.....oo.
##....................
##..........o........
##..................
##.................
##.............!..
##...............


You could see a two-headed ogre, an orc warrior and an orc priest.

Vanquished Creatures
  Erica (D:8)
  Pikel (D:8)
  A centaur skeleton (D:7)
  Grinder (D:6)
  2 hornets (D:9)
  Sigmund (D:6)
  3 orc warriors
  An ice beast (D:9)
  A black bear (D:6)
  4 ogres
  2 phantoms
  A wolf (D:8)
  A lemure (D:8)
  2 centaurs
  2 bullfrogs
  2 scorpions (D:8)
  3 howler monkeys (D:8)
  4 wights (D:7)
  A bullfrog skeleton (D:4)
  4 hounds
  A human zombie (D:4)
  2 jellies
  5 orc wizards
  7 orc priests
  7 iguanas
  2 worker ants
  A hound zombie (D:8)
  9 adders
  4 gnolls
  A shadow imp (D:5)
  2 white imps
  An ufetubus (D:8)
  2 adder skeletons
  2 adder zombies
  4 worms
  A dart slug (D:1)
  4 leopard geckos
  17 orcs
  5 giant cockroaches
  8 goblins
  12 hobgoblins
  6 jackals
  6 kobolds
  3 quokkas
  2 bats (D:1)
  3 frilled lizards
  A jackal skeleton (D:4)
  3 leopard gecko skeletons
  7 rats
166 creatures vanquished.

Vanquished Creatures (others)
  14 plants (D:3)
14 creatures vanquished.

Grand Total: 180 creatures vanquished

Notes
Turn   | Place    | Note
-------+----------+-------------------------------------------
     0 | D:1      | 112233 the Deep Elf Conjurer began the quest for the Orb.
     0 | D:1      | Reached XP level 1. HP: 10/10 MP: 6/6
   329 | D:2      | Reached XP level 2. HP: 15/15 MP: 6/8
   372 | D:2      | Found a shimmering blue altar of Sif Muna.
   413 | D:2      | Became a worshipper of Sif Muna the Loreminder
   468 | D:2      | Learned a level 2 spell: Searing Ray
   940 | D:1      | Reached XP level 3. HP: 20/20 MP: 7/10
  1443 | D:1      | Reached skill level 1 in Invocations
  1758 | D:2      | Reached * piety under Sif Muna
  1759 | D:2      | Reached XP level 4. HP: 24/24 MP: 2/11
  1994 | D:2      | Found an opulent altar of Gozag.
  2203 | D:3      | Reached skill level 1 in Fighting
  2203 | D:3      | Reached skill level 4 in Spellcasting
  2203 | D:3      | Reached skill level 5 in Conjurations
  2499 | D:4      | Found a staircase to the Ecumenical Temple.
  2543 | D:4      | Reached XP level 5. HP: 29/29 MP: 6/13
  2625 | D:4      | Noticed an ogre
  2632 | D:4      | Killed an ogre
  2863 | D:4      | Reached XP level 6. HP: 34/35 MP: 7/15
  2867 | D:4      | Learned a level 3 spell: Dazzling Flash
  3199 | D:4      | Got a fine mace
  3203 | D:4      | Identified the +7 mace of Shame {vorpal, Int-4 Dex+5} (You
                  | found it on level 4 of the Dungeon)
  3344 | D:4      | Found a runed translucent door.
  3344 | D:4      | Noticed a human
  3346 | D:4      | Found a basalt altar of Yredelemnul.
  3436 | D:3      | Found a glowing golden altar of the Shining One.
  3584 | D:3      | Learned a level 1 spell: Apportation
  3627 | D:3      | Reached skill level 5 in Spellcasting
  3783 | D:3      | Found an iron altar of Okawaru.
  4473 | D:5      | Entered Level 5 of the Dungeon
  4869 | D:5      | Reached XP level 7. HP: 40/40 MP: 10/17
  5962 | D:6      | Reached skill level 5 in Dodging
  6030 | D:6      | Noticed Sigmund
  6100 | D:6      | Killed Sigmund
  6101 | D:6      | Reached skill level 6 in Spellcasting
  6147 | D:6      | Reached XP level 8. HP: 46/46 MP: 14/19
  6378 | D:6      | Reached ** piety under Sif Muna
  6488 | D:6      | Noticed Grinder
  6505 | D:6      | Killed Grinder
  6976 | D:6      | Reached skill level 7 in Spellcasting
  6976 | D:6      | Reached skill level 5 in Invocations
  7139 | D:6      | Found a sparkling altar of Nemelex Xobeh.
  7145 | D:6      | Learned a level 4 spell: Iskenderun's Mystic Blast
  7200 | D:6      | Found a bloodstained altar of Trog.
  7270 | D:6      | Reached skill level 1 in Hexes
  7517 | D:7      | Reached skill level 1 in Translocations
  7762 | D:7      | Found a blossoming altar of Fedhas.
  7891 | D:7      | Reached XP level 9. HP: 34/52 MP: 16/22
  8285 | D:7      | Noticed Menkaure
  8414 | D:7      | Reached skill level 8 in Spellcasting
  8461 | D:7      | Noticed Maggie
  8934 | D:8      | Noticed Pikel
  8946 | D:8      | Killed Pikel
  9031 | D:8      | Found a stormy altar of Qazlal.
  9063 | D:8      | Found a runed translucent door.
  9063 | D:8      | Noticed boracarina's ghost (novice GnMo)
  9087 | D:8      | Found a runed translucent door.
  9088 | D:8      | Found a runed translucent gate.
  9088 | D:8      | Found a runed translucent gate.
  9110 | D:8      | Found the +9 staff of Olgreb {rPois∞}
  9331 | D:8      | Found a broken altar of Ashenzari.
  9334 | D:8      | Found a shadowy altar of Dithmenos.
  9336 | D:8      | Found a glowing silver altar of Zin.
  9336 | D:8      | Found a burning altar of Makhleb.
  9337 | D:8      | Found a radiant altar of Vehumet.
  9394 | D:8      | Found a runed translucent gate.
  9395 | D:8      | Found a runed translucent door.
  9405 | D:8      | Reached skill level 9 in Spellcasting
  9409 | D:8      | Noticed Erica
  9444 | D:9      | Paralysed by a hornet for 2 turns
  9532 | D:8      | Paralysed by Erica for 6 turns
  9541 | D:8      | Paralysed by Erica for 5 turns
  9549 | D:8      | Killed Erica
  9550 | D:8      | Reached XP level 10. HP: 36/58 MP: 10/25
  9730 | D:9      | Noticed Grum
  9908 | D:9      | Noticed a two-headed ogre
  9911 | D:9      | HP: 2/58 [orc priest/divine providence (10)]
  9913 | D:9      | Killed from afar by an orc priest

Illustrated notes

Levels and vault maps discovered:
D:1:      dpeg_arrival_round_c, layout_basic, minmay_misc_feat_cross,
          minmay_pentomino_w2
D:2:      layout_rooms, lemuel_coloured_pillars_altar, lemuel_blue_sif_altar,
          grunt_ministairs_9
D:3:      layout_basic, nicolae_overflow_crystal_walls, lemuel_crystal_altar,
          hangedman_abyss_or_decor_stabs, serial_bayou_lake_a
D:4:      layout_rooms, minmay_temple_entry_stoned_glass, dk_yredelemnul_ordeal
D:5:      layout_basic, enter_ossuary_1, serial_co_window_serial,
          co_window_corner_a, co_window_cross_1, co_window_corner_a,
          co_window_corner_a, co_window_cross_1, co_window_of_opportunity_a,
          co_window_corner_a, co_window_paths_a, co_window_corner_a,
          co_window_unsneaky_path_b, co_window_2corner, co_window_corner_ca,
          co_window_cross_2, co_window_corner_cb, glass_columns_c,
          glass_columns_a, glass_columns_a, glass_columns_a,
          minmay_misc_feat_rows
D:6:      layout_loops_ring, nemelex_xobeh_ov_fountains_minmay,
          trog_butcher_becter, uniq_sigmund, uniq_grinder
D:7:      layout_basic, fedhas_bush_and_centaur_altar, uniq_maggie,
          uniq_menkaure
D:8:      layout_cave_pools, grunt_qazlal_clouds, minitemple,
          ebering_ghost_reflecting_pool, st_stairs_13,
          minmay_guarded_unrand_staff_of_olgreb, uniq_erica, uniq_pikel
D:9:      layout_big_octagon, worms_lemuel, uniq_grum, uniq_harold, uniq_maurice

Skill      XL: |  1  2  3  4  5  6  7  8  9 |
---------------+----------------------------+-----
Dodging        | 3 4 5 6 7 |  7.6
Invocations    | 1 2 3 4 5 6 |  6.4
Fighting       | 1 2 3 4 |  4.8
Spellcasting   | 4 5 6 7 9 |  9.6
Conjurations   | 5 6 7 8 |  8.9
Hexes          | 1 4 |  4.4
Translocations | 1 3 |  3.5
Stealth        | |  2.4

Action                   |  1- 3 |  4- 6 |  7- 9 | 10-12 || total
-------------------------+-------+-------+-------+-------++-------
Melee: Unarmed           |     7 |       |       |       ||     7
       Club              |       |     5 |       |       ||     5
       Dagger            |       |       |     1 |       ||     1
 Cast: Magic Dart        |    69 |    97 |   144 |     3 ||   313
       Searing Ray       |     9 |    23 |    86 |    11 ||   129
       Dazzling Flash    |       |       |     6 |       ||     6
       Iskenderun's Myst |       |       |     3 |     4 ||     7
Evoke: Wand              |       |       |     1 |       ||     1
Armor: Robe              |       |     3 |    17 |     6 ||    26
Dodge: Dodged            |    11 |     8 |    48 |    10 ||    77
